 Dungeon Crawl Stone Soup version 0.20-a0-513-g02c11fc (webtiles) character file.

70 Klosterheim the Slasher (level 4, 0/35 HPs)
             Began as a Demonspawn Skald on Jan 22, 2017.
             Slain by Sigmund
             ... wielding a +0 scythe
              (4 damage)
             ... on level 2 of the Dungeon.
             The game lasted 00:02:32 (1862 turns).

Klosterheim the Slasher (Demonspawn Skald)          Turns: 1862, Time: 00:02:33

Health: 0/35       AC:  7    Str: 16    XL:     4   Next: 3%
Magic:  7/7        EV: 12    Int: 14    God:
Gold:   80         SH:  0    Dex: 12    Spells: 6/7 levels left

rFire    . . .     SeeInvis .   a - +0 falchion
rCold    + . .     Gourm    .   b - +0 leather armour
rNeg     . . .     Faith    .   (no shield)
rPois    .         Spirit   .   o - +0 helmet (curse)
rElec    .         Reflect  .   (no cloak)
rCorr    .         Harm     .   g - +2 pair of gloves {Str+3}
MR       .....                  (no boots)
Stlth    +.........             (no amulet)
Regen    0.2/turn               (no ring)
                                (no ring)

@: no status effects
A: hooves 1, cold resistance 1
a: no special abilities


You were on level 2 of the Dungeon.
You were not hungry.

You visited 1 branch of the dungeon, and saw 2 of its levels.

You collected 80 gold pieces.

Inventory:

Hand Weapons
 a - a +0 falchion (weapon)
Armour
 b - a +0 leather armour (worn)
 g - a +2 pair of gloves of strength (worn)
 o - a cursed +0 helmet (worn)
Jewellery
 i - an uncursed ring of positive energy {unknown}
 j - an uncursed amulet of the gourmand {unknown}
Scrolls
 e - a scroll of enchant weapon {unknown}
 f - a scroll of teleportation {unknown}
 l - a scroll of blinking {unknown}
 m - a scroll of identify {unknown}
Potions
 h - a potion of ambrosia
 k - a potion of agility {unknown}
 n - 2 potions of curing {unknown}
Books
 c - a book of Battle

   Spells                             Type                      Level
   a - Infusion                       Charms                       1
   b - Shroud of Golubria             Charms/Translocation         2
   c - Song of Slaying                Charms                       2
   d - Spectral Weapon                Hexes/Charms                 3
   e - Regeneration                   Charms/Necromancy            3
Comestibles
 d - 3 bread rations
 q - a royal jelly


   Skills:
 + Level 3.0 Fighting
 * Level 3.3 Long Blades
 - Level 0.8 Armour
 - Level 1.7 Dodging
 - Level 2.0 Spellcasting
 - Level 2.6 Charms


You had 6 spell levels left.
You knew the following spells:

 Your Spells              Type           Power        Failure   Level  Hunger
a - Infusion              Chrm           #...         12%         1    ##.....


Dungeon Overview and Level Annotations

Branches:
Dungeon (2/15)

Altars:

Annotations:
D:2 Sigmund


Innate Abilities, Weirdness & Mutations

You have large cloven feet.
Your flesh is cold resistant. (rC+)


Message History

You are confused.
You feel invigorated. Something hits you!
Something hits you but does no damage.
Things that are here:
a short sword; a goblin corpse You feel less invigorated.
You feel less confused. Something hits you but does no damage.
You slash something! You hit something but do no damage. You kick something.
Something hits you!
You hit something but do no damage. You kick something. Something hits you.
You closely miss something. You kick something. Something barely misses you.
You miss something. Your kick misses something. You closely miss something.
Something hits you!
You closely miss something. Something hits you!
* * * LOW HITPOINT WARNING * * *
You closely miss something. Something barely misses you.
You miss something. You kick something. You miss something. Something hits you.
You die...

#. ### #.####
#.# #....# #.#
#....# #.#
#..(.# ####.#
...# #....#
#.####..#.#####
#....#..#.)@{.#
#.##....#####'#
### #.###...#
.. ..# #.#
#...# ##
..####.#
#......
.......#
###......
...##### ......
##.# .#....
.#.# ######


There were no monsters in sight!

Vanquished Creatures
  Robin (D:2)
  2 adders (D:2)
  A worm (D:2)
  A dart slug (D:1)
  A giant cockroach (D:1)
  7 hobgoblins (D:1)
  4 jackals
  A frilled lizard (D:1)
  14 goblins
  A kobold (D:1)
33 creatures vanquished.

Notes
Turn   | Place    | Note
-------+----------+-------------------------------------------
     0 | D:1      | Klosterheim the Demonspawn Skald began the quest for the Orb.
     0 | D:1      | Reached XP level 1. HP: 16/16 MP: 3/3
   441 | D:1      | Gained mutation: Your flesh is cold resistant. (rC+) [demonic ancestry]
   441 | D:1      | Reached XP level 2. HP: 23/23 MP: 5/5
   625 | D:2      | Noticed Robin
  1230 | D:1      | Gained mutation: You have large cloven feet. [demonic ancestry]
  1230 | D:1      | Reached XP level 3. HP: 23/28 MP: 6/6
  1291 | D:2      | Killed Robin
  1610 | D:2      | Reached XP level 4. HP: 12/34 MP: 7/7
  1847 | D:2      | Noticed Sigmund
  1862 | D:2      | Slain by Sigmund

Vault maps used:
D:1:      noname_arrival_rooms_in_the_neighbourhood, roderic_bipointed_swastika
D:2:      uniq_crazy_yiuf_cottage, uniq_robin, uniq_sigmund

Skill      XL: |  1  2  3  4 |
---------------+-------------+-----
Long Blades    | 2 3 |  3.3
Fighting       | 3 |  3.0
Armour         | |  0.8
Dodging        | |  1.7
Spellcasting   | |  2.0
Charms         | |  2.6

Action                   |  1- 3 |  4- 6 || total
-------------------------+-------+-------++-------
Melee: Falchion          |   120 |    12 ||   132
       Kick              |    15 |     5 ||    20
  Use: Potion            |       |     1 ||     1
  Eat: Chunk             |     2 |     1 ||     3
Armor: Leather armour    |    55 |     1 ||    56
Dodge: Dodged            |   114 |     3 ||   117
       Rpst.: Falchion   |    37 |     1 ||    38
